 Dungeon Crawl Stone Soup version 0.29.0-13-gc9e81de378 (webtiles) character file.

Game seed: 3411444393145896050

1974 avis the Changer (level 8, -5/75 (81) HPs)
             Began as a Demigod Transmuter on Sept 9, 2022.
             Slain by a wight
             ... wielding a +2 great sword
              (15 damage)
             ... on level 6 of the Dungeon on Sept 10, 2022.
             The game lasted 00:42:17 (7398 turns).

avis the Changer (Demigod Transmuter)               Turns: 7398, Time: 00:42:19

HP:   -5/75 (81)    AC:  7    Str: 21    XL:     8   Next: 68%
MP:   14/17         EV: 10    Int: 19    God:
Gold: 136           SH:  0    Dex: 14    Spells: 1/15 levels left

rFire   x . .      SeeInvis .     - Unarmed
rCold   + + +      Faith    .   (shield currently unavailable)
rNeg    . . .      Spirit   .   (body armour currently unavailable)
rPois   +          Reflect  .   (helmet currently unavailable)
rElec   .          Harm     .   (cloak currently unavailable)
rCorr   .          Rampage  .   (gloves currently unavailable)
Will    .....                   (boots currently unavailable)
Stlth   +.........              (no amulet)
HPRegen 0.22/turn               g - +6 ring of strength
MPRegen 0.15/turn               C - ring of wizardry

@: ice-form, drained
A: freezing attack, amphibious, boosted hp, large, high MP 1, forlorn, divine
attributes
a: End Transformation


You were on level 6 of the Dungeon.
You were a creature of crystalline ice.
You visited 2 branches of the dungeon, and saw 8 of its levels.
You also visited: Sewer.

You collected 466 gold pieces.
You spent 330 gold pieces at shops.

Inventory:

Hand Weapons
 h - the +9 sling "Serifiup" (melded) {venom, Contam +Blink rF++ SInv}
   (You found it on level 2 of the Dungeon)

   Any ammunition fired from it poisons the flesh of those it strikes.
   rF:        It greatly protects you from fire.
   SInv:      It lets you see invisible.
   +Blink:    It lets you blink.
   Contam:    It causes magical contamination when unequipped.
 t - a +3 long sword
 y - a +3 halberd
Missiles
 i - 3 curare-tipped darts
 l - 16 poisoned darts
Armour
 a - a +1 pair of boots (melded)
 f - a +2 robe of willpower (melded)
 m - a +0 cloak (melded)
 z - a +0 pair of gloves (melded)
Jewellery
 g - a +6 ring of strength (left front paw)
 C - a ring of wizardry (right front paw)
Wands
 r - a wand of iceblast (3)
 B - a wand of acid (12)
Scrolls
 c - 10 scrolls of identify {unknown}
 e - 5 scrolls of teleportation
 u - a scroll of enchant armour {unknown}
 w - a scroll of amnesia {unknown}
 A - a scroll of summoning
 D - a scroll of acquirement {unknown}
Potions
 b - 2 potions of lignification
 d - 5 potions of mutation {unknown}
 j - a potion of invisibility {unknown}
 k - 2 potions of attraction {unknown}
 n - a potion of haste {unknown}
 o - 4 potions of curing {unknown}
 p - 3 potions of heal wounds {unknown}
 q - a potion of experience {unknown}
 s - 2 potions of brilliance {unknown}
 v - a potion of resistance {unknown}
 x - a potion of degeneration {unknown}


   Skills:
 - Level 5.0 Fighting
 - Level 3.0 Ranged Weapons
 - Level 2.0 Dodging
 - Level 3.0 Unarmed Combat
 - Level 4.0 Spellcasting
 * Level 7.2 Transmutations
 - Level 3.0 Ice Magic
 - Level 1.0 Poison Magic


You had one spell level left.
You knew the following spells:

 Your Spells              Type           Power      Damage    Failure   Level
a - Beastly Appendage     Tmut           62%        N/A       1%          1
p - Spider Form           Tmut/Pois      19%        N/A       3%          3
q - Ice Form              Ice/Tmut       23%        N/A       7%          4
S - Statue Form           Tmut/Erth      11%        N/A       86%         6

Your spell library contained the following spells:

 Spells                   Type           Power      Damage    Failure   Level
 Sting                    Tmut/Pois      76%        1d6       1%          1
 Foxfire                  Conj/Fire      12%        2x1d4     6%          1
 Wereblood                Tmut           31%        N/A       1%          2
 Ensorcelled Hibernation  Hex/Ice        18%        N/A       4%          2
 Poisonous Vapours        Pois/Air       10%        N/A       7%          2
 Scorch                   Fire           6%         2d5       9%          2
 Static Discharge         Conj/Air       3%         3-4/arc   9%          2
 Petrify                  Tmut/Erth      17%        N/A       12%         4
 Call Canine Familiar     Summ           3%         N/A       16%         3
 Conjure Flame            Conj/Fire      3%         6-21      16%         3
 Inner Flame              Hex/Fire       3%         N/A       16%         3
 Portal Projectile        Hex/Tloc       6%         N/A       16%         3
 Olgreb's Toxic Radiance  Pois           7%         N/A       32%         4
 Anguish                  Hex/Necr       1%         N/A       45%         4
 Flame Wave               Conj/Fire      3%         2d5       45%         4
 Leda's Liquefaction      Hex/Erth       1%         N/A       45%         4
 Metabolic Englaciation   Hex/Ice        4%         N/A       58%         5
 Lightning Bolt           Conj/Air       1%         1d12      80%         5
 Summon Cactus Giant      Summ           1%         N/A       100%        6
 Maxwell's Capacitive Co  Air            1%         ∞         100%        8


Dungeon Overview and Level Annotations

Branches:
Dungeon (7/15)             Temple (1/1) D:5           Sewer (visited)

Shops:
D:1 =   D:2 [   D:3 (   D:6 (


Innate Abilities, Weirdness & Mutations

You are a creature of crystalline ice.
You have a powerful freezing melee attack.
You are amphibious.
Your maximum health is increased.
Your armour is entirely melded.
You are incapable of wielding weapons or throwing items.
You have an increased reservoir of magic. (+10% MP)
You shall have no god before yourself.
Your divine heritage dramatically boosts your attributes as you level up.


Message History

The wight is almost destroyed.
The wight misses you.
You punch the wight!
You destroy the wight!
Things that are here:
a +0 battleaxe; a +0 robe
There is a stone staircase leading down here.
You start resting.
Magic restored.
You start resting.
Your transformation is almost over.
HP restored.
Casting: Ice Form (dangerous; 7% risk of failure)
Confirm with . or Enter, or press ? or * to list all spells.
You extend your transformation's duration.
You climb downwards.
The wight hits you with a +2 great sword!
The wight barely misses you.
The wight hits you with a +2 great sword of freezing!
You feel drained.
There is a stone staircase leading up, spattered with blood here.
The wight barely misses you.
The wight hits you with a +2 great sword of freezing!
You feel drained.
You climb upwards.
There is a stone staircase leading down here.
You barely miss the wight. The wight closely misses you.
The wight barely misses you.
You punch the wight! You freeze the wight.
The wight is severely damaged.
The wight hits you with a +2 great sword of freezing.
The wight hits you with a +2 great sword!
You barely miss the wight.
The wight is severely damaged.
The wight hits you with a +2 great sword of freezing!!
* * * LOW HITPOINT WARNING * * *
You feel drained.
* * * LOW HITPOINT WARNING * * *
The wight hits you with a +2 great sword!
You die...

#.....#......## ### ###
###..#.#..#....# ##.# #..
#....###.##....#### ###..####..
#.........#...#...#####..........
#.............#....#..#..........
####..<......................#...
#..##..##.......##....#######(.
##..###..#...##.z##.....# #..
#..###.........Y.#......# ###
##..##........z.[....#### ####..
#...##............<.## ##.....
#...................## #......
#...#................## ###.##.
#..#########..........# #.#..
###...### ####.........######....
........###.....##..#...#.....<..
.........#...#..#######.........[


You could see 2 wights.

Vanquished Creatures
  A water moccasin (D:6)
  A hornet zombie (D:7)
  A sky beast (D:7)
  A centaur (D:6)
  7 kobold brigands (Sewer)
  A necrophage (D:5)
  A scorpion (D:6)
  6 wights
  A centaur zombie (D:7)
  An orc priest (D:4)
  A gnoll bouda (D:5)
  5 jellies
  Jessica (D:3)
  5 iguanas
  An orc wizard (D:5)
  A howler monkey zombie (D:7)
  5 gnolls (D:5)
  6 adders
  2 river rats (Sewer)
  A white imp (D:7)
  2 ufetubi
  3 worms (Sewer)
  2 dart slugs (D:1)
  10 orcs
  5 bats
  4 endoplasms
  5 giant cockroaches (D:6)
  4 goblins
  6 hobgoblins
  11 jackals
  8 quokkas
  6 ball pythons
  3 frilled lizards
  8 kobolds
  13 rats
139 creatures vanquished.

Vanquished Creatures (others)
  2 withered plants (D:7)
2 creatures vanquished.

Grand Total: 141 creatures vanquished

Notes
Turn   | Place    | Note
-------+----------+-------------------------------------------
     0 | D:1      | avis the Demigod Transmuter began the quest for the Orb.
     0 | D:1      | Reached XP level 1. HP: 15/15 MP: 5/5
    35 | D:1      | Reached skill level 1 in Fighting
   150 | D:1      | You fall into a shaft and drop 1 floor!
   228 | D:1      | Found Leubbig's Jewellery Shop.
   255 | D:1      | Reached skill level 2 in Transmutations
   258 | D:1      | Reached XP level 2. HP: 9/23 MP: 5/7
  1122 | D:2      | Found Wicedih's Antique Armour Shoppe.
  1204 | D:2      | Identified the +9 sling "Serifiup" {venom, Contam +Blink
                  | rF++ SInv}
  1492 | D:2      | Reached XP level 3. HP: 29/29 MP: 8/8
  1501 | D:2      | Learned a level 3 spell: Spider Form
  2278 | D:3      | Identified the +9 plate armour of the Spheres {-Cast Fly
                  | rN+}
  2489 | D:3      | Noticed Jessica
  2491 | D:3      | Killed Jessica
  2492 | D:3      | Reached XP level 4. HP: 38/38 MP: 9/9
  2535 | D:3      | Found Efemoefe's Weapon Shoppe.
  2842 | D:4      | Reached skill level 3 in Transmutations
  2868 | D:4      | Reached skill level 1 in Poison Magic
  3120 | D:4      | Reached XP level 5. HP: 45/45 MP: 11/11
  3125 | D:4      | Learned a level 4 spell: Ice Form
  3359 | D:5      | Entered Level 5 of the Dungeon
  3402 | D:5      | Reached skill level 1 in Ranged Weapons
  3883 | D:5      | Found a staircase to the Ecumenical Temple.
  3889 | Temple   | Entered the Ecumenical Temple
  4156 | D:5      | Reached XP level 6. HP: 51/51 MP: 13/13
  5259 | D:6      | Reached skill level 4 in Transmutations
  5314 | D:6      | Found Maurhusi's Weapon Emporium.
  5362 | D:6      | Reached XP level 7. HP: 30/59 MP: 14/14
  5401 | D:6      | Found a glowing drain.
  5413 | Sewer    | Entered a sewer
  5555 | Sewer    | Reached skill level 5 in Transmutations
  5555 | Sewer    | Reached skill level 1 in Ice Magic
  5857 | Sewer    | Reached skill level 5 in Fighting
  5914 | Sewer    | Reached XP level 8. HP: 68/68 MP: 15/15
  6343 | D:6      | Reached skill level 6 in Transmutations
  6467 | D:1      | Bought a ring of wizardry for 330 gold pieces
  6930 | D:6      | Learned a level 6 spell: Statue Form
  7296 | D:7      | Reached skill level 7 in Transmutations
  7398 | D:6      | Slain by a wight

Illustrated notes

Levels and vault maps discovered:
D:1:      lightli_arrival_chessboard, layout_basic, serial_shops, shop_coins,
          shapermc_ecumenical_altar_venn
D:2:      layout_loops_ring, serial_shops, shop_fountains, minmay_pentomino_r2
D:3:      layout_rooms, mainiacjoe_overflow_divided_tiny,
          serial_co_window_serial, co_window_of_opportunity_a,
          co_window_paths_a, co_window_corner_a, co_window_of_opportunity_a,
          co_window_of_opportunity_a, co_window_broadway_a,
          co_window_broadway_a, co_window_unsneaky_path_d, co_window_corner_cb,
          co_window_corner_b, co_window_broadway_b, co_window_of_opportunity_c,
          glass_columns_a, glass_columns_c, serial_shops, nicolae_shop_stone,
          uniq_jessica
D:4:      layout_basic
D:5:      layout_layer_cave, minitemple, minmay_temple_entry_enclosed_plants
D:6:      layout_cave_pools, gup_sewer_entry_pipe, serial_shops,
          nicolae_diamond_shop
D:7:      layout_cave_pools, serial_undead, serial_undead_f, serial_undead_b,
          serial_undead_e, serial_undead_f, minmay_mini_ossuary
Temple:   jpeg_temple_clearing

Skill      XL: |  1  2  3  4  5  6  7  8 |
---------------+-------------------------+-----
Fighting       | 1 2 3 4 5 |  5.0
Unarmed Combat | 3 |  3.0
Spellcasting   | 2 3 4 |  4.0
Transmutations | 2 3 4 5 7 |  7.2
Dodging        | 2 |  2.0
Poison Magic   | 1 |  1.0
Ranged Weapons | 2 3 |  3.0
Ice Magic      | 3 |  3.0

Action                   |  1- 3 |  4- 6 |  7- 9 || total
-------------------------+-------+-------+-------++-------
Melee: Unarmed           |    40 |       |    31 ||    71
       Kick              |     8 |       |       ||     8
       Headbutt          |     5 |       |       ||     5
       Punch             |     1 |       |       ||     1
 Fire: Sling             |    46 |    98 |   112 ||   256
 Cast: Beastly Appendage |    14 |       |       ||    14
       Ice Form          |       |       |     5 ||     5
  Use: Scroll            |       |     6 |       ||     6
Armor: Robe              |    17 |     6 |     6 ||    29
       Skin              |       |       |     8 ||     8
Dodge: Dodged            |    33 |    20 |    30 ||    83
